 Dungeon Crawl Stone Soup version 0.31.0-9-g3a7656b989 (webtiles) character file.

Game seed: 17293757781462361896

66 qw the Shooter (level 3, 0/18 HPs)
             Began as a Spriggan Hunter on Feb 2, 2024.
             Succumbed to their own poison gas
             ... on level 2 of the Dungeon.
             The game lasted 00:00:04 (970 turns).

qw the Shooter (Spriggan Hunter)                     Turns: 970, Time: 00:00:05

Health: 0/18       AC:  4    Str: 10    XL:     3   Next: 96%
Magic:  4/4        EV: 19    Int: 13    God:
Gold:   61         SH:  0    Dex: 18    Spells: 2/2 levels left

rFire   . . .        a - +0 shortbow
rCold   . . .        (shield currently unavailable)
rNeg    . . .        c - +0 robe
rPois   .            (helmet restricted)
rElec   .            e - +1 cloak
rCorr   .            (gloves unavailable)
SInv    +            (boots unavailable)
Will    .....        (no amulet)
Stlth   ++           (no ring)
HPRegen 0.23/turn    (no ring)
MPRegen 0.09/turn

%: no passive effects
@: lethally poisoned (0 -> -2), very quick
A: very small, no large weapons, unfitting armour, see invisible, speed 3,
clever 1, strong 1, evolution 1
a: no special abilities


You were on level 2 of the Dungeon.
You visited 1 branch of the dungeon, and saw 2 of its levels.

You collected 61 gold pieces.


Innate Abilities, Weirdness & Mutations

You are very small and have problems with some larger weapons.
You are too small for most types of armour.
You have supernaturally acute eyesight. (SInv)
You cover ground extremely quickly. (Speed+++)
Your mind is acute. (Int +4, Str/Dex -1)
Your muscles are strong. (Str +4, Int/Dex -1)
You have hidden genetic potential.


   Skills:
 + Level 1.5 Fighting
 - Level 5.0 Ranged Weapons
 - Level 4.2 Dodging
 - Level 1.5 Stealth


You had 2 spell levels left.
You didn't know any spells.
Your spell library was empty.

Inventory:

Hand Weapons
 a - a +0 shortbow (weapon)
Armour
 c - a +0 robe (worn)
 e - a +1 cloak (worn)
Wands
 f - a wand of light (13)
Potions
 b - a potion of mutation
 g - a potion of resistance {unknown}
 h - a potion of experience {unknown}

Dungeon Overview and Level Annotations

Branches:
Dungeon (2/15)

Altars:


Message History

You feel stronger.
You feel clever.
Done exploring.
What level of the Dungeon? (default 2, ? - help) Sorry, I don't know how to get there.
Enter note:
Enter note:
Enter note:
Enter note:
Enter note:
Enter note:
Enter note:
Enter note:
Enter note:
Enter note:
Enter note:
Enter note:
Enter note:
Enter note:
Enter note:
Enter note:
Enter note:
Enter note: You are engulfed in poison gas.
You are poisoned.
You feel very sick.
963 ||| Stepping ~*~*~tactically~*~*~ (cloud).
You feel sick.
There is a lethal amount of poison in your body!
You feel very sick.
There is a lethal amount of poison in your body!
You feel sick.
There is a lethal amount of poison in your body!
You feel sick.
There is a lethal amount of poison in your body!
You feel sick.
There is a lethal amount of poison in your body!
You feel sick.
There is a lethal amount of poison in your body!
You feel sick.
There is a lethal amount of poison in your body!
You die...

### #0# #¤#######
#@¤¤¤¤¤0#
#00¤¤¤#¤#
#####0#.# #.#.# #
#.#.##########
#.#.##........
#.#.##........
####.#...........
###
#....#...........


There were no monsters in sight!

Vanquished Creatures
  A gnoll (D:1)
  A ribbon worm (D:2)
  3 dart slugs (D:2)
  5 ball pythons
  4 endoplasms
  4 giant cockroaches
  4 goblins (D:1)
  3 hobgoblins
  3 quokkas
  7 bats
  4 frilled lizards
  5 rats (D:2)
44 creatures vanquished.

Notes
Turn   | Place    | Note
-------+----------+-------------------------------------------
     0 | D:1      | qw the Spriggan Hunter began the quest for the Orb.
     0 | D:1      | Reached XP level 1. HP: 10/10 MP: 2/2
     0 | D:1      | 0 ||| qw: Version: 0.3-a-155-g5e7d8dd
     0 | D:1      | 0 ||| qw: Game counter: 930
     0 | D:1      | 0 ||| qw: Melee chars always use a shield: true
     0 | D:1      | 0 ||| qw: God list: Okawaru
     0 | D:1      | 0 ||| qw: Allow faded altars: false
     0 | D:1      | 0 ||| qw: Do Orc after clearing Dungeon:15 true
     0 | D:1      | 0 ||| qw: Do second Lair branch before Depths: true
     0 | D:1      | 0 ||| qw: Lair rune preference: random
     0 | D:1      | 0 ||| qw: Goals: Normal
     0 | D:1      | 0 ||| PLANNING D:1-11
    39 | D:1      | Reached skill level 3 in Dodging
    95 | D:1      | Found a faded altar of an unknown god.
   157 | D:1      | Reached XP level 2. HP: 14/14 MP: 3/3
   269 | D:1      | Reached XP level 3. HP: 18/18 MP: 4/4
   431 | D:1      | 431 ||| UPGRADING to +0 cloak.
   436 | D:1      | 436 ||| UPGRADING to +1 cloak.
   446 | D:1      | 446 ||| DROPPING +0 cloak.
   447 | D:1      | 447 ||| READING scroll labelled ODOFREOTOU.
   448 | D:1      | 448 ||| READING scroll labelled SIENISOUMN.
   449 | D:1      | 449 ||| DROPPING scroll of butterflies.
   758 | D:2      | Reached skill level 5 in Ranged Weapons
   959 | D:2      | 959 ||| READING scroll labelled MUWIASCHAC TAQE.
   960 | D:2      | 960 ||| READING scroll labelled ZOOCSO QETTIU.
   961 | D:2      | 961 ||| DRINKING 2 fuming red potions.
   961 | D:2      | Gained mutation: You have hidden genetic potential. [potion
                  | of mutation]
   961 | D:2      | Gained mutation: Your muscles are strong. (Str +4, Int/Dex
                  | -1) [potion of mutation]
   961 | D:2      | Gained mutation: Your mind is acute. (Int +4, Str/Dex -1)
                  | [potion of mutation]
   963 | D:2      | 963 ||| Stepping ~*~*~tactically~*~*~ (cloud).
   966 | D:2      | HP: 3/18 [poisoned by you (poison gas)]
   969 | D:2      | HP: 1/18 [poisoned by you (poison gas)]
   970 | D:2      | Succumbed to their own poison gas

Levels and vault maps discovered:
D:1:      zelgadis_glass_arrival_small, layout_rooms, basic_ecumenical_altar,
          minmay_tetromino_t2
D:2:      layout_basic, nicolae_elevator_lobby_plus

Skill      XL: |  1  2  3 |
---------------+----------+-----
Dodging        | 3 4 |  4.2
Ranged Weapons | 5 |  5.0
Fighting       | |  1.5
Stealth        | |  1.5

Action                     || total
---------------------------++-------
   Fire: Shortbow          ||   115
    Use: Scroll            ||     4
         Potion            ||     1
 Armour: Robe              ||     2
  Dodge: Dodged            ||    25

Table legend:
 A = Non-vault XP
 B = Vault XP
 C = Vault XP percentage of total XP
 D = Non-vault monster count
 E = Vault monster count
 F = Vault count percentage of total count
                 A         B        C        D         E       F
            +---------+---------+-------+---------+---------+-------
      Total |      93 |       2 |   2.1 |      42 |       2 |   4.5
            +---------+---------+-------+---------+---------+-------
        D:1 |      51 |       2 |   3.8 |      22 |       2 |   8.3
        D:2 |      42 |       0 |   0.0 |      20 |       0 |   0.0
            +---------+---------+-------+---------+---------+-------
